 Dungeon Crawl Stone Soup version 0.25.1-8-g42b30a86e7 (webtiles) character file.

Game seed: 9732278964567580658

3588 hawla the Thaumaturge (level 9, 0/79 HPs)
             Began as a Yellow Draconian Conjurer on Dec 14, 2020.
             Was a Believer of Vehumet.
             Slain by an orc priest
             ... wielding a +0 short sword
              (5 damage)
             ... on level 8 of the Dungeon.
             The game lasted 00:21:34 (9022 turns).

hawla the Thaumaturge (Yellow Draconian Conjurer)   Turns: 9022, Time: 00:21:34

Health: 0/79       AC: 10    Str: 12    XL:     9   Next: 85%
Magic:  24/32      EV: 14    Int: 18    God:    Vehumet [**....]
Gold:   394        SH:  0    Dex: 11    Spells: 21/28 levels left

rFire    + . .     SeeInvis .   D - staff of poison
rCold    + + .     Gourm    .   (no shield)
rNeg     . . .     Faith    .   (armour unavailable)
rPois    +         Spirit   .   (helmet restricted)
rElec    +         Reflect  .   (no cloak)
rCorr    +         Harm     .   (no gloves)
MR       .....     Clarity  +   k - +2 pair of boots
Stlth    ++........             m - amulet of regeneration
HPRegen  0.63/turn              p - ring of flight
MPRegen  0.23/turn              u - ring of magical power

@: resistant, berserk cooldown, slowed, very slow
A: spit acid, unfitting armour, clarity, cold resistance 1, cold-blooded, acid
resistance, AC +7
a: Breathe Acid, Renounce Religion, Evoke Flight


You were on level 8 of the Dungeon.
You worshipped Vehumet.
Vehumet was pleased with you.
You were not hungry.

You visited 2 branches of the dungeon, and saw 9 of its levels.
You also visited: Ossuary.

You collected 394 gold pieces.

Inventory:

Hand Weapons
 E - a +0 quarterstaff
Missiles
 c - 7 boomerangs of dispersal
 d - 12 boomerangs (quivered)
 g - 61 poisoned darts
Armour
 k - a +2 pair of boots (worn)
Magical Staves
 D - an uncursed staff of poison (weapon)
Jewellery
 m - an amulet of regeneration (around neck)
 p - a ring of flight (left hand)
 u - a ring of magical power (right hand)
 A - a cursed ring of teleportation {unknown}
Wands
 q - a wand of acid (11)
Scrolls
 e - 2 scrolls of amnesia {unknown}
 j - 5 scrolls of remove curse
 o - 3 scrolls of teleportation
 v - 3 scrolls of identify
 y - a scroll of blinking {unknown}
 B - 2 scrolls of silence {unknown}
 C - a scroll of immolation {unknown}
Potions
 a - 2 potions of brilliance
 i - 2 potions of curing
 l - a potion of mutation
 n - a potion of berserk rage
 s - a potion of invisibility {unknown}
 t - 4 potions of might {unknown}
 w - a potion of ambrosia {unknown}
 x - a potion of flight {unknown}
 z - 2 potions of stabbing {unknown}
Comestibles
 b - 11 rations


   Skills:
 - Level 7.0 Fighting
 - Level 6.0 Dodging
 - Level 1.7 Stealth
 + Level 10.3 Spellcasting
 - Level 7.0 Conjurations
 - Level 5.4 Translocations
 - Level 1.0 Evocations


You had 21 spell levels left.
You knew the following spells:

 Your Spells              Type           Power        Failure   Level  Hunger
a - Magic Dart            Conj           ####         1%          1    None
b - Searing Ray           Conj           ####..       1%          2    None
c - Iskenderun's Mystic   Conj/Tloc      ####....     6%          4    ###....

Your spell library contained the following spells:

 Spells                   Type           Power        Failure   Level  Hunger
 Foxfire                  Conj/Fire      ###.         1%          1    None
 Dazzling Flash           Conj/Hex       ###...       5%          3    None
 Fulminant Prism          Conj/Hex       ###.......   19%         4    ###....


Dungeon Overview and Level Annotations

Branches:
Dungeon (8/15)             Temple (1/1) D:6         Ossuary (visited)
   Lair: D:8-11

Altars:
Ashenzari
Cheibriados
Dithmenos
Elyvilon
Fedhas
Gozag
Hepliaklqana
Kikubaaqudgha
Makhleb
Nemelex Xobeh
Okawaru
Qazlal
Ru
Sif Muna
Trog
Uskayaw
Vehumet
Wu Jian
Xom
Yredelemnul
Zin
The Shining One


Innate Abilities, Weirdness & Mutations

You can spit globs of acid.
Your golden yellow scales are hard. (AC +7)
You cannot fit into any form of body armour.
You are cold-blooded and may be slowed by cold attacks.
You are resistant to acid. (rCorr)
You possess an exceptional clarity of mind.
Your flesh is cold resistant. (rC+)


Message History

* * * LOW HITPOINT WARNING * * *
You closely miss the orc. You tail-slap the orc.
You kill the orc!
Vehumet accepts your kill.
You feel your power returning.
You are no longer berserk.
You pass out from exhaustion.
You feel yourself slow down.
The orc priest hits you but does no damage.
The orc priest hits you but does no damage.
A centaur skeleton comes into view.
The orc priest hits you but does no damage. x2
You can move again.
You see here a +0 whip.
It was a potion of resistance.
You feel protected.
The orc priest hits you with a +0 short sword.
* * * LOW HITPOINT WARNING * * *
The orc priest hits you with a +0 short sword.
You die...

.. .## ...## ####
..... ... $Z..# #
#.# #...##
...#.###.####.....##
#..........)@o......
#.#####..####....###
#.# #..# #..$# #.#
#..# ##.# #.#.# #.##
.. #.#.#####.# ##
#.#.......#
#.#.##....#
#.#.#####.#


You could see an orc priest and a centaur skeleton.

Vanquished Creatures
  A hippogriff (D:8)
  Sigmund (D:3)
  A wyvern (D:8)
  2 sky beasts
  An ice beast (D:5)
  A phantom (D:7)
  An ogre (D:8)
  6 centaurs
  3 elf zombies (Ossuary)
  2 bullfrogs (D:7)
  4 scorpions
  A howler monkey (D:7)
  2 crimson imps
  A human zombie (Ossuary)
  2 centaur zombies
  2 hounds
  3 orc priests
  A bullfrog skeleton (D:7)
  A jelly (D:6)
  A centaur skeleton (D:4)
  4 worker ants
  4 orc wizards
  3 mummies
  4 gnolls (D:3)
  6 adders
  2 shadow imps
  An adder zombie (Ossuary)
  3 worms
  An adder skeleton (D:7)
  4 dart slugs
  3 leopard geckos
  13 orcs
  2 ball pythons
  10 bats
  5 giant cockroaches
  7 goblins
  7 hobgoblins
  10 jackals
  8 kobolds
  A quokka (D:2)
  11 frilled lizards
  A giant cockroach zombie (D:6)
  12 hobgoblin zombies (Ossuary)
  A jackal zombie (Ossuary)
  6 kobold zombies (Ossuary)
  A leopard gecko skeleton (D:4)
  9 orc zombies (Ossuary)
  8 rats
  2 rat zombies (Ossuary)
186 creatures vanquished.

Notes
Turn   | Place    | Note
-------+----------+-------------------------------------------
     0 | D:1      | hawla the Draconian Conjurer began the quest for the Orb.
     0 | D:1      | Reached XP level 1. HP: 14/14 MP: 3/3
   229 | D:1      | Reached XP level 2. HP: 20/20 MP: 0/5
   233 | D:1      | Learned a level 2 spell: Searing Ray
   340 | D:1      | Reached skill level 3 in Spellcasting
  1032 | D:1      | Reached XP level 3. HP: 26/26 MP: 4/7
  1668 | D:2      | Reached skill level 4 in Spellcasting
  1753 | D:2      | Reached XP level 4. HP: 33/33 MP: 8/10
  1759 | D:2      | Learned a level 4 spell: Iskenderun's Mystic Blast
  2206 | D:2      | Reached skill level 1 in Translocations
  2683 | D:3      | Noticed Sigmund
  2690 | D:3      | Killed Sigmund
  2690 | D:3      | Reached XP level 5. HP: 38/38 MP: 2/11
  2933 | D:3      | Reached XP level 6. HP: 40/45 MP: 2/12
  3720 | D:4      | Reached skill level 5 in Conjurations
  4660 | D:5      | Entered Level 5 of the Dungeon
  5023 | D:5      | Your scales start taking on a golden yellow colour.
  5023 | D:5      | Reached XP level 7. HP: 50/50 MP: 8/13
  5023 | D:5      | Gained mutation: You are resistant to acid. (rCorr) [Yellow
                  | Draconian growth]
  5143 | D:5      | Found a stormy altar of Qazlal.
  5222 | D:5      | Reached skill level 5 in Translocations
  5616 | D:6      | Reached skill level 5 in Dodging
  5616 | D:6      | Reached skill level 9 in Spellcasting
  5616 | D:6      | Reached XP level 8. HP: 71/71 MP: 14/21
  6617 | D:6      | Reached skill level 1 in Evocations
  6617 | D:6      | Reached XP level 9. HP: 78/78 MP: 22/22
  6648 | D:6      | Found a staircase to the Ecumenical Temple.
  6744 | Temple   | Entered the Ecumenical Temple
  6848 | Temple   | Became a worshipper of Vehumet
  6997 | D:7      | Found a sand-covered staircase.
  7021 | Ossuary  | Entered an ossuary
  7311 | Ossuary  | Reached * piety under Vehumet
  7311 | Ossuary  | Offered knowledge of Sandblast by Vehumet.
  8145 | D:7      | Offered knowledge of Foxfire by Vehumet.
  8251 | D:7      | Reached ** piety under Vehumet
  8991 | D:8      | Reached skill level 10 in Spellcasting
  9001 | D:8      | Gained mutation: You possess an exceptional clarity of
                  | mind. [potion of mutation]
  9001 | D:8      | Gained mutation: Your flesh is cold resistant. (rC+)
                  | [potion of mutation]
  9006 | D:8      | HP: 5/118 [hippogriff (8)]
  9022 | D:8      | Slain by an orc priest

Illustrated notes

Levels and vault maps discovered:
D:1:      minmay_arrival_three_doors, layout_basic
D:2:      layout_loops_ring
D:3:      layout_basic, minmay_misc_feat_four_crosses, uniq_sigmund
D:4:      layout_gridville
D:5:      layout_loops_ring, lemuel_coloured_pillars_altar, first_ration
D:6:      layout_cave_pods, temple_hall, serial_bayou_lagoon_a
D:7:      layout_layer_cave, gup_ossuary_entry_pyramid
D:8:      layout_loops_ring, erik_lair_dragon
Temple:   compressed_dpeg_circular_temple

Skill      XL: |  1  2  3  4  5  6  7  8  9 |
---------------+----------------------------+-----
Spellcasting   | 3 4 9 10 | 10.3
Translocations | 3 4 5 |  5.4
Conjurations   | 5 6 7 |  7.0
Fighting       | 6 7 |  7.0
Dodging        | 5 6 |  6.0
Evocations     | 1 |  1.0
Stealth        | |  1.7

Action                   |  1- 3 |  4- 6 |  7- 9 || total
-------------------------+-------+-------+-------++-------
Melee: Unarmed           |    20 |    11 |    11 ||    42
       Tailslap          |     1 |       |     2 ||     3
       Staff             |       |       |    18 ||    18
 Cast: Magic Dart        |    65 |    55 |    93 ||   213
       Searing Ray       |     8 |    35 |    60 ||   103
       Iskenderun's Myst |       |       |     6 ||     6
 Abil: Breathe Acid      |       |       |     1 ||     1
  Use: Scroll            |     1 |     8 |     2 ||    11
       Potion            |       |       |     8 ||     8
  Eat: Chunk             |     3 |    11 |     7 ||    21
       Ration            |       |       |     2 ||     2
Armor: Skin              |     7 |    23 |    58 ||    88
Dodge: Dodged            |    19 |    27 |    97 ||   143
